 Dungeon Crawl Stone Soup version 0.30-b1-5-g8e6c1be481 (webtiles) character file.

Game seed: 17632046871034538316

29 safid the Chiller (level 3, -1/25 HPs)
             Began as a Merfolk Ice Elementalist on May 4, 2023.
             Slain by an adder (3 damage)
             ... on level 2 of the Dungeon.
             The game lasted 00:02:36 (1342 turns).

safid the Chiller (Merfolk Ice Elementalist)        Turns: 1342, Time: 00:02:36

Health: -1/25      AC:  3    Str:  8    XL:     3   Next: 16%
Magic:  0/6        EV: 12    Int: 16    God:
Gold:   69         SH:  0    Dex: 14    Spells: 5/6 levels left

rFire   . . .        e - +0 whip
rCold   . . .        (no shield)
rNeg    . . .        a - +0 robe
rPois   .            (no helmet)
rElec   .            (no cloak)
rCorr   .            n - +0 pair of gloves
SInv    .            (no boots)
Will    .....        (no amulet)
Stlth   ++           (no ring)
HPRegen 0.24/turn    (no ring)
MPRegen 0.10/turn

%: no passive effects
@: brilliant, lethally poisoned (-1 -> -5)
A: (nimble swimmer 2), mertail
a: no special abilities


You were on level 2 of the Dungeon.
You visited 1 branch of the dungeon, and saw 2 of its levels.

You collected 69 gold pieces.

Inventory:

Hand Weapons
 e - a +0 whip (weapon)
Armour
 a - a +0 robe (worn)
 n - a +0 pair of gloves (worn)
Scrolls
 f - 2 scrolls of noise {unknown}
 i - 3 scrolls of identify {unknown}
 k - a scroll of enchant weapon {unknown}
 q - a scroll of teleportation {unknown}
Potions
 b - a potion of magic
 c - 2 potions of mutation {unknown}
 d - a potion of degeneration {unknown}
 g - a potion of heal wounds {unknown}
 h - a potion of attraction {unknown}
 j - 2 potions of brilliance
 l - a potion of flight {unknown}
 m - 2 potions of curing {unknown}
 o - a potion of resistance {unknown}
 p - a potion of invisibility {unknown}
 r - 2 potions of haste {unknown}


   Skills:
 * Level 0.8 Fighting
 - Level 2.6 Dodging
 - Level 2.1 Stealth
 + Level 0.2 Unarmed Combat
 + Level 2.3 Spellcasting
 + Level 5.0 Ice Magic


You had 5 spell levels left.
You knew the following spells:

 Your Spells              Type           Power      Damage    Failure   Level
a - Freeze                Ice            100%       1d10      2%          1

Your spell library contained the following spells:

 Spells                   Type           Power      Damage    Failure   Level
 Frozen Ramparts          Ice            54%        1d9       8%          3
 Ozocubu's Armour         Ice            27%        N/A       8%          3
 Summon Ice Beast         Ice/Summ       15%        N/A       56%         4


Dungeon Overview and Level Annotations

Branches:
Dungeon (2/15)

Altars:

Shops:
D:1 :


Innate Abilities, Weirdness & Mutations

((You are very nimble when in or above water. (Stealth+, EV+, Speed+++)))
Your lower body shifts to a powerful aquatic tail in water.


Message History

Aiming: Freeze (safe; 2% risk of failure)
Press: ? - help, Shift-Dir - straight line, f/p - adder
Aim: an adder (heavily wounded)
You freeze the adder.
The adder is severely wounded.
The adder seems to slow down.
You feel sick.
Unknown command.
You are too injured to fight recklessly!
You are too injured to fight recklessly!
You are too injured to fight recklessly!
You closely miss the adder.
The adder is severely wounded.
You feel sick. The adder bites you but does no damage.
You miss the adder.
The adder is severely wounded.
You feel sick. The adder bites you.
You barely miss the adder.
The adder is severely wounded.
You feel sick.
You are no longer poisoned.
The adder bites you.
* * * LOW HITPOINT WARNING * * *
You miss the adder.
The adder is severely wounded.
The adder closely misses you.
Casting: Freeze (safe; 2% risk of failure)
Confirm with . or Enter, or press ? or * to list all spells.
You don't have enough magic to cast this spell.
You closely miss the adder.
The adder is severely wounded.
The adder is no longer moving slowly.
The adder bites you.
* * * LOW HITPOINT WARNING * * *
You are lethally poisoned!
The adder poisons you!
Unknown command.
It was a potion of brilliance.
You feel clever all of a sudden.
* * * LOW HITPOINT WARNING * * *
You feel sick. The adder barely misses you. The adder bites you.
You die...

#.#.#.#.#.#.#.#.#.....
##..........^..........
#.#.#.#.#.#.#.#.#.#....
##......................
#.#.#.#.#.#.#.#.#.#.#...
#.......................
#.#.#.#.#.#.#.#.#.#.#.#..
#.!.....................
#.#.#)#@#.#.#.#.#.#.#...
#.....S................
#.#.#.#.#.#.#.#.#.#..##
##............. ...#.
#.#.#.#.#.#.# .#... #...
.. . ... #..# #.# #.# ..


You could see an adder.

Vanquished Creatures
  A worm (D:2)
  A dart slug (D:2)
  3 bats
  2 endoplasms
  3 goblins
  3 hobgoblins (D:1)
  A quokka (D:1)
  A ball python (D:2)
  5 frilled lizards
  4 kobolds
  2 rats (D:1)
26 creatures vanquished.

Vanquished Creatures (others)
  2 plants (D:1)
2 creatures vanquished.

Grand Total: 28 creatures vanquished

Notes
Turn   | Place    | Note
-------+----------+-------------------------------------------
     0 | D:1      | safid the Merfolk Ice Elementalist began the quest for the
                  | Orb.
     0 | D:1      | Reached XP level 1. HP: 13/13 MP: 3/3
   171 | D:1      | Found Wauleesm's Book Boutique.
   186 | D:1      | Reached XP level 2. HP: 19/19 MP: 3/5
   582 | D:1      | Found a faded altar of an unknown god.
   997 | D:2      | Reached skill level 5 in Ice Magic
  1253 | D:2      | Reached XP level 3. HP: 25/25 MP: 6/6
  1342 | D:2      | Slain by an adder

Illustrated notes

Levels and vault maps discovered:
D:1:      heliophobic_arrival_enchanted_forest, layout_basic,
          dreamdust_ecumenical_altar_angels_and_demons, serial_forest,
          infiniplex_forest_end_double, infiniplex_forest_clump_double,
          infiniplex_forest_end_2, infiniplex_forest_clump_long,
          infiniplex_forest_3_way, infiniplex_forest_clump_double,
          infiniplex_forest_clump_small, serial_shops,
          nicolae_book_shop_shelving
D:2:      layout_rooms, hex_large, corexii_item_surrounded_by_moat,
          minmay_misc_feat_alley

Skill      XL: |  1  2 |
---------------+-------+-----
Ice Magic      | 5 |  5.0
Fighting       | |  0.8
Dodging        | |  2.6
Stealth        | |  2.1
Unarmed Combat | |  0.2
Spellcasting   | |  2.3

Action                     || total
---------------------------++-------
  Melee: Unarmed           ||     5
         Whip              ||    43
   Cast: Freeze            ||    28
    Use: Potion            ||     1
 Armour: Robe              ||    22
  Dodge: Dodged            ||    45
